 Dungeon Crawl Stone Soup version 0.26-a0-1164-g1a551d6a14 (webtiles) character file.

Game seed: 6647836983542281419

43 night the Chiller (level 3, 0/24 HPs)
             Began as a Demonspawn Ice Elementalist on Dec 23, 2020.
             Killed from afar by Sigmund (9 damage)
             ... with a magic dart
             ... on level 2 of the Dungeon.
             The game lasted 00:02:55 (1446 turns).

night the Chiller (Demonspawn Ice Elementalist)     Turns: 1446, Time: 00:02:55

Health: 0/24       AC:  2    Str:  8    XL:     3   Next: 37%
Magic:  7/7        EV: 12    Int: 17    God:
Gold:   47         SH:  0    Dex: 13    Spells: 0/7 levels left

rFire    . . .     SeeInvis .   i - +0 short sword
rCold    . . .     Faith    .   (no shield)
rNeg     . . .     Spirit   .   a - +0 robe
rPois    .         Reflect  .   (no helmet)
rElec    .         Harm     .   (no cloak)
rCorr    .         Rampage  .   (no gloves)
Will     .....                  (no boots)
Stlth    ++........             (no amulet)
HPRegen  0.08/turn              (no ring)
MPRegen  0.10/turn              (no ring)

@: lethally poisoned (0 -> -13)
A: hooves 1
a: no special abilities


You were on level 2 of the Dungeon.
You visited 1 branch of the dungeon, and saw 2 of its levels.

You collected 47 gold pieces.

Inventory:

Hand Weapons
 i - a +0 short sword (weapon)
Missiles
 c - 18 poisoned darts (quivered)
 e - 65 stones
 f - 22 arrows
Armour
 a - a +0 robe (worn)
Jewellery
 j - an uncursed ring of positive energy {unknown}
Scrolls
 d - 2 scrolls of fog {unknown}
 g - a scroll of blinking {unknown}
 h - 2 scrolls of teleportation {unknown}
 k - a scroll of enchant weapon {unknown}


   Skills:
 - Level 1.7 Dodging
 - Level 1.7 Stealth
 + Level 2.9 Spellcasting
 + Level 4.2 Ice Magic


You couldn't memorise any spells.
You knew the following spells:

 Your Spells              Type           Power        Failure   Level
a - Freeze                Ice            64%          3%          1
b - Frozen Ramparts       Ice            32%          10%         3
c - Ozocubu's Armour      Ice            16%          10%         3

Your spell library contained the following spells:

 Spells                   Type           Power        Failure   Level
 Hailstorm                Conj/Ice       9%           58%         4
 Summon Ice Beast         Ice/Summ       9%           58%         4


Dungeon Overview and Level Annotations

Branches:
Dungeon (2/15)

Altars:

Annotations:
D:2 Sigmund


Innate Abilities, Weirdness & Mutations

You have large cloven feet.


Message History

Press: ? - help, Q - select action, (/) - cycle Shift-Dir - straight line, f/p - Sigmund
Aim: Sigmund, wielding a +5 scythe of venom and wearing a +0 robe (lightly wounded, poisoned)
You throw a poisoned dart.
The poisoned dart closely misses Sigmund.
Fire/throw which item? (* to show all) (? for menu, Esc to quit)
That's the wrong kind of item! (Use * to select it.) Fire/throw which item? (* to show all) (? for menu, Esc to quit)
That's the wrong kind of item! (Use * to select it.) Fire/throw which item? (* to show all) (? for menu, Esc to quit)
Throw: throwing net
Press: ? - help, Shift-Dir - straight line, f/p - Sigmund
Aim: Sigmund, wielding a +5 scythe of venom and wearing a +0 robe (lightly wounded, poisoned)
You throw a throwing net. The throwing net barely misses Sigmund.
Sigmund hits you from afar with a +5 scythe of venom!
Ouch! That really hurt!
You are lethally poisoned!
The rat bites you.
You feel sick. The rat bites you but does no damage.
Sigmund gestures at you while chanting. The magic dart hits you!
You die...

#####+#
.$.....
.......
...$...
....(.(
...(...
#####r......
#...@.@....(
#.####+#####


You could see Sigmund (poisoned) and a rat.

Vanquished Creatures
  A gnoll (D:1)
  An ooze (D:1)
  A dart slug (D:1)
  A leopard gecko (D:1)
  2 bats (D:1)
  2 giant cockroaches (D:1)
  5 goblins (D:1)
  4 hobgoblins (D:1)
  3 kobolds (D:1)
  5 rats (D:1)
25 creatures vanquished.

Notes
Turn   | Place    | Note
-------+----------+-------------------------------------------
     0 | D:1      | night the Demonspawn Ice Elementalist began the quest for
                  | the Orb.
     0 | D:1      | Reached XP level 1. HP: 13/13 MP: 3/3
   301 | D:1      | Gained mutation: You have large cloven feet. [demonic
                  | ancestry]
   301 | D:1      | Reached XP level 2. HP: 19/19 MP: 3/5
   666 | D:1      | Reached skill level 4 in Ice Magic
   926 | D:1      | Reached XP level 3. HP: 24/24 MP: 5/7
  1066 | D:1      | Learned a level 3 spell: Frozen Ramparts
  1070 | D:1      | Learned a level 3 spell: Ozocubu's Armour
  1439 | D:2      | Noticed Sigmund
  1446 | D:2      | Killed from afar by Sigmund

Illustrated notes

Levels and vault maps discovered:
D:1:      dpeg_chamrin_arrival_tetris, layout_loops_ring,
          minmay_misc_feat_nine_boxes, ebering_dispersal_statue_hall,
          kennysheep_crisscross
D:2:      layout_basic, lemuel_blue_sif_altar, uniq_sigmund

Skill      XL: |  1  2 |
---------------+-------+-----
Ice Magic      | 4 |  4.2
Dodging        | |  1.7
Stealth        | |  1.7
Spellcasting   | |  2.9

Action                   || total
-------------------------++-------
Melee: Unarmed           ||     6
       Kick              ||     7
       Short sword       ||     9
Throw: Dart              ||     5
       Throwing net      ||     1
 Cast: Freeze            ||    33
       Ozocubu's Armour  ||     1
       Frozen Ramparts   ||     1
Armor: Robe              ||    13
Dodge: Dodged            ||    32

Table legend: (Time is in decaauts)
 A = Elapsed time spent in this place.
 B = Non-inter-level travel time spent in this place.
 C = Inter-level travel time spent in this place.
 D = Time resting spent in this place.
 E = Time spent auto-exploring this place.
 F = Levels seen in this place.
 G = Mean time per level.
                   A        B        C        D        E       F      G
               +--------+--------+--------+--------+--------+-----+--------+
         Total |   1446 |   1427 |     19 |    465 |    761 |   2 |  723.0 |
       Dungeon |   1446 |   1427 |     19 |    465 |    761 |   2 |  723.0 |
               +--------+--------+--------+--------+--------+-----+--------+

Top non-repeatable levels by time:
     D:1: 1439 daAuts
     D:2: 6 daAuts
